 Dungeon Crawl Stone Soup version 0.26-a0-466-g989023bd0d (webtiles) character file.

Game seed: 8117171230820416270

195 Apogee the Ruffian (level 5, -7/52 HPs)
             Began as a Troll Warper on July 30, 2020.
             Mangled by a wyvern (12 damage)
             ... on level 5 of the Dungeon.
             The game lasted 00:04:16 (2449 turns).

Apogee the Ruffian (Troll Warper)                   Turns: 2449, Time: 00:04:17

Health: -7/52      AC:  6    Str: 20    XL:     5   Next: 45%
Magic:  5/5        EV: 10    Int:  9    God:
Gold:   67         SH:  0    Dex:  9    Spells: 6/6 levels left

rFire    . . .     SeeInvis .     - Unarmed
rCold    . . .     Faith    .   (no shield)
rNeg     . . .     Spirit   .   a - +0 robe
rPois    .         Reflect  .   (helmet restricted)
rElec    .         Harm     .   (no cloak)
rCorr    .                      (gloves unavailable)
MR       .....                  (boots unavailable)
Stlth    +.........             (no amulet)
HPRegen  0.57/turn              (no ring)
MPRegen  0.09/turn              (no ring)

@: lethally poisoned (-7 -> -8)
A: large, unfitting armour, claws 3, regeneration 1, shaggy fur 1, tough skin 3
a: no special abilities


You were on level 5 of the Dungeon.
You visited 1 branch of the dungeon, and saw 5 of its levels.

You collected 67 gold pieces.

Inventory:

Hand Weapons
 o - a +0 falchion of flaming
   (You took it off an orc on level 2 of the Dungeon)
Missiles
 b - 91 stones
 d - 5 boomerangs of dispersal (quivered) {!f}
Armour
 a - a +0 robe (worn)
Wands
 t - a wand of flame (15)
   (You found it on level 3 of the Dungeon)
Scrolls
 c - a scroll of blinking
 f - 2 scrolls of fog {unknown}
 k - a scroll of enchant armour {unknown}
 l - 2 scrolls of teleportation {unknown}
 m - 3 scrolls of identify {unknown}
 p - a scroll of magic mapping {unknown}
 q - 3 scrolls of remove curse {unknown}
Potions
 e - a potion of heal wounds {unknown}
 g - 2 potions of degeneration {unknown}
 h - a potion of magic {unknown}
 i - a potion of ambrosia {unknown}
 j - 4 potions of stabbing {unknown}
 n - a potion of mutation {unknown}
 r - a potion of haste {unknown}


   Skills:
 + Level 2.9 Fighting
 - Level 0.8 Throwing
 - Level 1.9 Dodging
 * Level 4.9 Unarmed Combat
 - Level 1.2 Spellcasting
   Level 2.1 Translocations


You had 6 spell levels left.
You didn't know any spells.
Your spell library contained the following spells:

 Spells                   Type           Power        Failure   Level
 Blink                    Tloc           N/A          22%         2
 Gell's Gravitas          Tloc           #.........   41%         3
 Lesser Beckoning         Tloc           #.........   41%         3
 Teleport Other           Tloc           #.......     41%         3
 Passage of Golubria      Tloc           N/A          82%         4


Dungeon Overview and Level Annotations

Branches:
Dungeon (5/15)
 Temple: D:4-7

Altars:
Dithmenos
Hepliaklqana
Trog
The Shining One

Annotations:
D:4 Pikel


Innate Abilities, Weirdness & Mutations

You are too large for most types of armour.
You have claws for hands.
Your natural rate of healing is unusually fast.
You are covered in fur. (AC +1)
You have extremely tough skin. (AC +3)


Message History

You kill the frilled lizard!
You see here a frilled lizard corpse.
Pikel the Slaver comes into view.
He is wielding a +1 whip of flaming and carrying a wand of digging (6).
Pikel shouts!
You hear a shout!
The lemure barely misses you.
Pikel zaps a wand.
Some rock shatters into small pieces.
A lemure comes into view.
The lemure barely misses you.
You see here a frilled lizard corpse.
There is a stone staircase leading down here.
You climb downwards.
You hear the sound of rushing water.
There is an entrance to a sewer on this level.
Hurry and find it before the portal rusts away!
Found a club.
There is a stone staircase leading up here.
An adder and a wyvern come into view.
The wyvern hisses angrily.
The adder hisses angrily.
Found 15 stones.
There are monsters nearby!
There are monsters nearby!
The adder closely misses you.
Found 13 gold pieces.
You scratch the adder. The adder bites you.
You are poisoned.
The adder poisons you! The adder barely misses you.
You scratch the adder.
You feel sick. The wyvern barely misses you. The adder closely misses you.
You barely miss the adder. The wyvern bites you! The adder bites you.
You scratch the adder but do no damage. The wyvern bites you.
The adder closely misses you.
The wyvern bites you but does no damage.
You completely miss the adder. The adder barely misses you.
The wyvern closely misses you.
Unknown command.
You feel sick. The adder bites you.
You barely miss the wyvern. The wyvern bites you.
You claw the wyvern! The wyvern bites you!
* * * LOW HITPOINT WARNING * * *
The adder bites you.
* * * LOW HITPOINT WARNING * * *
The wyvern bites you but does no damage.
You feel sick. The adder bites you.
* * * LOW HITPOINT WARNING * * *
The wyvern bites you!
* * * LOW HITPOINT WARNING * * *
Unknown command.
The wyvern bites you!
You die...

#.......#
#.....#.##.. .#
##..........
#..###...######...
..........# ..
#.......## #..
#........# ..
##....#Sl##.#
#...#..)@..#
#....<...###
#........#
........##..#
........##.....
.........##....
......... .....
......... .....
..........


You could see a wyvern and an adder.

Vanquished Creatures
  An orc priest (D:3)
  Robin (D:2)
  3 adders (D:2)
  3 gnolls (D:3)
  An ooze (D:2)
  3 worms
  2 dart slugs
  A leopard gecko (D:1)
  4 orcs
  4 bats
  17 goblins
  12 hobgoblins
  A quokka (D:3)
  7 frilled lizards
  12 kobolds
  7 rats
79 creatures vanquished.

Notes
Turn   | Place    | Note
-------+----------+-------------------------------------------
     0 | D:1      | Apogee the Troll Warper began the quest for the Orb.
     0 | D:1      | Reached XP level 1. HP: 19/19 MP: 1/1
     1 | D:1      | Noticed an electric eel
   241 | D:1      | Reached XP level 2. HP: 28/28 MP: 2/2
   604 | D:1      | Reached skill level 3 in Unarmed Combat
   814 | D:2      | Found a hazy altar of Hepliaklqana.
   856 | D:2      | Reached XP level 3. HP: 35/35 MP: 3/3
  1009 | D:2      | Noticed Robin
  1063 | D:2      | Killed Robin
  1170 | D:2      | Reached XP level 4. HP: 32/44 MP: 4/4
  1327 | D:2      | Found a glowing golden altar of the Shining One.
  1432 | D:2      | Noticed a moth of wrath
  1435 | D:2      | Found a bloodstained altar of Trog.
  1681 | D:2      | Reached skill level 4 in Unarmed Combat
  2054 | D:3      | Reached XP level 5. HP: 43/50 MP: 5/5
  2170 | D:3      | Found a shadowy altar of Dithmenos.
  2341 | D:3      | You fall into a shaft and drop 1 floor!
  2412 | D:4      | Noticed a lemure
  2416 | D:4      | Noticed Pikel
  2417 | D:4      | Noticed a lemure
  2429 | D:5      | Entered Level 5 of the Dungeon
  2435 | D:5      | Noticed a wyvern
  2449 | D:5      | Mangled by a wyvern

Illustrated notes

Levels and vault maps discovered:
D:1:      arrival_aquarium_a, layout_loops_corners
D:2:      layout_basic, lemuel_doored_altar, tgw_trog,
          nicolae_overflow_hidden_temple, tso_altar, uniq_robin
D:3:      layout_loops_cross, grunt_dithmenos_smoke_and_mirrors,
          minmay_increasing_density
D:4:      minmay_razor_zed, layout_basic, marbit_many_paths,
          minmay_temple_entry_ruins, minmay_checkerbox, uniq_pikel
D:5:      layout_cave_pools, cheibrodos_sewer_entry_drain

Skill      XL: |  1  2  3  4 |
---------------+-------------+-----
Fighting       | 2 |  2.9
Unarmed Combat | 3 4 |  4.9
Throwing       | |  0.8
Dodging        | |  1.9
Spellcasting   | |  1.2
Translocations | |  2.1

Action                   |  1- 3 |  4- 6 || total
-------------------------+-------+-------++-------
Melee: Unarmed           |   117 |   132 ||   249
Armor: Robe              |    38 |    51 ||    89
Dodge: Dodged            |    58 |    83 ||   141

Table legend: (Time is in decaauts)
 A = Elapsed time spent in this place.
 B = Non-inter-level travel time spent in this place.
 C = Inter-level travel time spent in this place.
 D = Time resting spent in this place.
 E = Time spent auto-exploring this place.
 F = Levels seen in this place.
 G = Mean time per level.
                   A        B        C        D        E       F      G
               +--------+--------+--------+--------+--------+-----+--------+
         Total |   2433 |   2359 |     74 |    117 |   1698 |   5 |  486.6 |
       Dungeon |   2433 |   2359 |     74 |    117 |   1698 |   5 |  486.6 |
               +--------+--------+--------+--------+--------+-----+--------+

Top non-repeatable levels by time:
     D:2: 1173 daAuts
     D:1: 764 daAuts
     D:3: 388 daAuts
     D:4: 87 daAuts
     D:5: 19 daAuts
